 Dungeon Crawl Stone Soup version 0.13.1-17-g0f9d4ff (webtiles) character file.

273 Chiseanne the Covert (level 5, -3/26 HPs)
             Began as a Spriggan Assassin on Dec 13, 2013.
             Slain by Crazy Yiuf
             ... wielding a +4,+3 quarterstaff of chaos
              (11 damage)
             ... on Level 3 of the Dungeon.
             The game lasted 00:10:06 (2660 turns).

Chiseanne the Covert (Spriggan Assassin)            Turns: 2660, Time: 00:10:07

HP  -3/26        AC  3     Str  7      XL: 5   Next:  1%
MP   0/9         EV 19     Int 12      God:
Gold 135         SH  0     Dex 19      Spells:  0 memorised,  4 levels left

Res.Fire  : . . .   See Invis. : +   a - +2 elf dagger (vamp)
Res.Cold  : . . .   Warding    : .   c - +0 robe (curse)
Life Prot.: . . .   Conserve   : .   (shield restricted)
Res.Poison: +       Res.Corr.  : .   (helmet restricted)
Res.Elec. : .       Clarity    : .   k - +0 elf cloak
Sust.Abil.: . .     Spirit.Shd : .   (gloves unavailable)
Res.Mut.  : .       Stasis     : .   (boots unavailable)
Res.Rott. : .       Flight     : .   (no amulet)
Saprovore : . . .                    (no ring)
                                     l - ring of poison resistance {unknown}

@: very quick, somewhat resistant to hostile enchantments, extremely stealthy
A: unfitting armour, see invisible, herbivore 3, speed 3, slow metabolism 2
a: no special abilities


You were on level 3 of the Dungeon.
You were full.

You visited 1 branch of the dungeon, and saw 3 of its levels.

You collected 85 gold pieces.

Inventory:

Hand weapons
 a - a +2,+2 elven vampiric dagger (weapon)
 b - a +0 blowgun
 m - a +1,+0 vampiric dagger (quivered)
 o - a +3,+2 dagger {=f}
Armour
 c - a cursed +0 robe (worn)
 k - a +0 elven cloak (worn)
Magical devices
 q - a wand of frost (13) {unknown}
Comestibles
 i - a meat ration
Scrolls
 d - 4 scrolls of remove curse {unknown}
 j - 2 scrolls of magic mapping {unknown}
 p - a scroll of enchant weapon I
Jewellery
 l - a ring of poison resistance (left hand) {unknown}
Potions
 n - a potion of magic {unknown}


   Skills:
 * Level 1.9 Fighting
 * Level 3.0 Short Blades
 * Level 2.1 Throwing
 * Level 3.4 Dodging
 * Level 8.1 Stealth


You had 4 spell levels left.
You didn't know any spells.

Dungeon Overview and Level Annotations

Branches:
Dungeon (3/27)

Altars:

Annotations:
D:3 Crazy Yiuf


Innate Abilities, Weirdness & Mutations

You are tiny and cannot use many weapons and most armour.
You have supernaturally acute eyesight.
You are a herbivore.
You cover ground extremely quickly.
You need consume almost no food.


Message History

You hit Crazy Yiuf.
You feel better.
Crazy Yiuf is heavily wounded.
Crazy Yiuf flaps his cloak.
Drink which item? (? for menu, Esc to quit)
You feel better.
It was a potion of curing.
You hit Crazy Yiuf but do no damage.
Crazy Yiuf is moderately wounded.
Crazy Yiuf hits you with a quarterstaff of chaos!
* * * LOW HITPOINT WARNING * * *
You feel your power leaking away.
You barely miss Crazy Yiuf.
Crazy Yiuf is moderately wounded.
You hit Crazy Yiuf.
You feel better.
Crazy Yiuf is heavily wounded.
Crazy Yiuf flaps his cloak.
Crazy Yiuf barely misses you.
You hit Crazy Yiuf but do no damage.
Crazy Yiuf is heavily wounded.
Crazy Yiuf hits you with a quarterstaff of chaos!
You die...

#....g......#.####..
##.######...........
#.# #####.###... #.#
#.# #... #.##
##.###... #..#
#........ ##.#
#........ #g#
#........ #@#
#..###... #.# #..#
#...
#.########..###...
#..)..............
##########.####.##
#.###...# #.....%.#
#.###...# #.# ##)##


You could see Crazy Yiuf.

Vanquished Creatures
  A giant frog (D:3)
  3 adders
  A giant gecko (D:3)
  An ooze (D:1)
  An orc (D:3)
  3 bats
  2 giant cockroaches (D:1)
  11 hobgoblins
  5 kobolds
  A quokka (D:3)
  5 giant newts
  6 goblins
  3 rats
43 creatures vanquished.

Notes
Turn   | Place    | Note
--------------------------------------------------------------
     0 | D:1      | Chiseanne, the Spriggan Assassin, began the quest for the Orb.
     0 | D:1      | Reached XP level 1. HP: 10/10 MP: 1/1
    30 | D:1      | Reached skill level 6 in Stealth
   210 | D:1      | Reached XP level 2. HP: 9/14 MP: 3/3
  1031 | D:2      | Reached skill level 7 in Stealth
  1031 | D:2      | Reached XP level 3. HP: 18/18 MP: 5/5
  1970 | D:3      | Reached XP level 4. HP: 22/22 MP: 7/7
  2077 | D:3      | Noticed a giant frog
  2089 | D:3      | Killed a giant frog
  2089 | D:3      | Reached skill level 8 in Stealth
  2335 | D:3      | Noticed Crazy Yiuf
  2494 | D:3      | Reached XP level 5. HP: 24/26 MP: 9/9
  2660 | D:3      | Slain by Crazy Yiuf

Action                   |  1- 3 |  4- 6 || total
-------------------------+-------+-------++-------
Melee: Dagger            |   121 |    33 ||   154
 Fire: Blowgun           |     2 |    21 ||    23
  Use: Scroll            |     4 |       ||     4
       Potion            |     1 |     1 ||     2
 Stab: Sleeping          |    11 |     2 ||    13
